 Dungeon Crawl Stone Soup version 0.31-a0-1589-g8f5e8aebd6 (webtiles) character file.

Game seed: 16428767702444241734

9084 Rennog the Basher (level 11, 0/73 HPs)
             Began as a Gargoyle Fighter on Jan 5, 2024.
             Was a Priest of Okawaru.
             Slain by a skeletal warrior
             ... wielding a +0 war axe
              (11 damage)
             ... on level 10 of the Dungeon.
             The game lasted 00:18:50 (7734 turns).

Rennog the Basher (Gargoyle Fighter)                Turns: 7734, Time: 00:18:50

Health: 0/73       AC: 17    Str: 22    XL:     11   Next: 41%
Magic:  10/11      EV: 10    Int:  9    God:    Okawaru [***...]
Gold:   574        SH: 11    Dex: 17    Spells: 10/10 levels left

rFire   . . .        a - +0 flail
rCold   . . .        A - +0 kite shield
rNeg    + . .        b - +0 scale mail
rPois   ∞            (no helmet)
rElec   +            K - +0 cloak
rCorr   .            N - +0 pair of gloves
SInv    .            (no boots)
Will    +....        u - amulet of regeneration Stlth
                     q - +6 ring of dexterity
HPRegen 1.12/turn    C - ring of willpower
MPRegen 0.12/turn

%: no passive effects
@: no status effects
A: sickness immunity, AC +8, negative energy resistance 1, electricity
resistance, torment resistance 1, petrification resistance
a: Renounce Religion, Heroism


You were on level 10 of the Dungeon.
You worshipped Okawaru.
Okawaru was most pleased with you.
You visited 2 branches of the dungeon, and saw 11 of its levels.

You collected 574 gold pieces.

Inventory:

Hand Weapons
 a - a +0 flail (weapon)
Missiles
 D - a throwing net
Armour
 b - a +0 scale mail (worn)
 c - a +0 buckler
 A - a +0 kite shield (worn)
 K - a +0 cloak (worn)
 N - a +0 pair of gloves (worn)
Jewellery
 m - an amulet of the acrobat
 q - a +6 ring of dexterity (left hand)
 u - an amulet of regeneration (around neck)
 C - a ring of willpower (right hand)
 E - a ring of positive energy
 H - an amulet of faith
 P - an amulet of magic regeneration
 R - a ring of wizardry
Wands
 o - a wand of iceblast (7)
 v - a wand of flame (24)
 B - a wand of mindburst (13)
 J - a wand of charming (21)
 T - a wand of polymorph (6)
Scrolls
 e - 2 scrolls of silence {unknown}
 f - 4 scrolls of blinking {unknown}
 g - 8 scrolls of identify
 h - 3 scrolls of poison {unknown}
 i - 3 scrolls of revelation {unknown}
 j - 2 scrolls of enchant armour {unknown}
 k - 7 scrolls of teleportation
 p - 3 scrolls of fog {unknown}
 x - 3 scrolls of immolation {unknown}
 y - a scroll of fear {unknown}
 G - a scroll of amnesia {unknown}
 L - 2 scrolls of vulnerability {unknown}
 Q - a scroll of enchant weapon {unknown}
 S - 2 scrolls of brand weapon {unknown}
Potions
 d - 2 potions of might
 l - 2 potions of lignification {unknown}
 n - 3 potions of brilliance {unknown}
 r - 2 potions of heal wounds {unknown}
 s - 3 potions of curing {unknown}
 t - 2 potions of degeneration {unknown}
 w - 3 potions of invisibility {unknown}
 z - a potion of ambrosia {unknown}
 F - 3 potions of attraction {unknown}
 I - a potion of mutation {unknown}
 M - a potion of resistance {unknown}
 O - a potion of berserk rage {unknown}


   Skills:
 + Level 10.6 Fighting
 * Level 13.1 Maces & Flails
 - Level 3.3 Armour
 - Level 3.7 Dodging
 - Level 7.0 Shields


You had 10 spell levels left.
You didn't know any spells.
Your spell library contained the following spells:

 Spells                   Type           Power      Damage    Failure   Level
 Apportation              Tloc           0%         N/A       91%         1
 Freeze                   Ice            0%         1d3       91%         1
 Necrotise                Necr           0%         1d4       91%         1
 Shock                    Conj/Air       0%         1d3       91%         1
 Sting                    Conj/Alch      0%         1d3       91%         1
 Frozen Ramparts          Ice            0%         1d1       99%         3
 Hailstorm                Conj/Ice       0%         3d5       99%         3
 Swiftness                Air            0%         N/A       99%         3
 Airstrike                Air            0%         2d(0-16)  100%        4
 Leda's Liquefaction      Alch/Erth      0%         N/A       100%        4
 Petrify                  Alch/Erth      0%         N/A       100%        4
 Metabolic Englaciation   Hex/Ice        0%         N/A       100%        5
 Summon Small Mammal      Summ           Unusable   N/A       N/A         1
 Summon Ice Beast         Ice/Summ       Unusable   N/A       N/A         3
 Sculpt Simulacrum        Ice/Alch       Unusable   N/A       N/A         6

Dungeon Overview and Level Annotations

Branches:
Dungeon (10/15)            Temple (1/1) D:6
   Lair: D:8-11         Orc: D:9-12

Altars:
Cheibriados
Dithmenos
Elyvilon
Fedhas
Gozag
Hepliaklqana
Kikubaaqudgha
Makhleb
Nemelex Xobeh
Okawaru
Qazlal
Ru
Sif Muna
Trog
Uskayaw
Vehumet
Wu Jian
Xom
Yredelemnul
Zin
The Shining One


Innate Abilities, Weirdness & Mutations

You are immune to sickness and miasma.
Your stone body is resilient. (AC +8)
You are immune to poison.
You resist negative energy. (rN+)
You are resistant to electric shocks. (rElec)
You are resistant to unholy torment.
You are immune to petrification.


Message History

The skeletal warrior attacks as it pursues you!
You block the skeletal warrior's attack.
You gain the combat prowess of a mighty hero.
You closely miss the skeletal warrior.
The skeletal warrior is moderately damaged.
You block the skeletal warrior's attack.
You thump the skeletal warrior!
The skeletal warrior is heavily damaged.
The skeletal warrior hits you with a +0 war axe.
You hit the skeletal warrior but do no damage.
The skeletal warrior is heavily damaged.
You block the skeletal warrior's attack.
You hit the skeletal warrior but do no damage.
The skeletal warrior is heavily damaged.
You sock the skeletal warrior!
The skeletal warrior is heavily damaged.
The skeletal warrior hits you with a +0 war axe!
You closely miss the skeletal warrior.
The skeletal warrior is heavily damaged.
You block the skeletal warrior's attack.
You sock the skeletal warrior!
The skeletal warrior is severely damaged.
The skeletal warrior hits you but does no damage.
You hit the skeletal warrior but do no damage.
The skeletal warrior is severely damaged.
You hit the skeletal warrior but do no damage.
The skeletal warrior is severely damaged.
The skeletal warrior hits you with a +0 war axe!!
* * * LOW HITPOINT WARNING * * *
You closely miss the skeletal warrior.
The skeletal warrior is severely damaged.
You block the skeletal warrior's attack.
You hit the skeletal warrior but do no damage.
The skeletal warrior is severely damaged.
The skeletal warrior completely misses you.
You hit the skeletal warrior.
The skeletal warrior is almost destroyed.
You feel like a meek peon again.
The skeletal warrior hits you with a +0 war axe!
You die...

'###+###+..'.#
#.......#..#.#####
#.......#..#.....#
'###'###'#####.#.#
).....<.........>#
).....##########.#
......# #.# ......##
#z# .......###### #@#
............# #.#
.#########..# ##.# #.
#.##..#.###..# #
#..#.#......# #
#.##.#...###.########
# #.
#.##...##........# #
# ##.#.#.......##.##
# #.##.#######.#


You could see a skeletal warrior.

Vanquished Creatures
  Pikel (D:5)
  An unseen horror (D:5)
  A komodo dragon (D:9)
  A troll (D:9)
  Grinder (D:5)
  2 wyverns
  A vampire (D:8)
  A wraith (D:10)
  13 yaks
  2 steam dragons
  3 water moccasins
  Duvessa (D:5)
  2 sky beasts (D:7)
  2 black bears
  5 ice beasts
  An ogre (D:4)
  2 orc warriors
  2 centaurs (D:9)
  2 phantoms (D:6)
  2 kobold brigands
  3 bullfrogs
  4 gnoll sergeants
  5 scorpions
  Dowan (D:5)
  17 killer bees
  A howler monkey (D:5)
  A bombardier beetle (D:4)
  3 jellies
  2 hounds
  6 orc priests
  3 gnoll boudas
  Jessica (D:3)
  4 iguanas
  7 orc wizards
  43 gnolls
  12 adders
  4 river rats (D:4)
  A shadow imp (D:8)
  2 white imps
  6 ufetubi
  A dart slug (D:1)
  4 ribbon worms
  35 orcs
  8 ball pythons
  5 bats
  7 endoplasms
  3 giant cockroaches
  3 goblins
  7 hobgoblins
  4 jackals (D:1)
  11 quokkas
  5 frilled lizards
  15 kobolds
  5 rats
285 creatures vanquished.

Vanquished Creatures (others)
  An arcanist (D:3)
1 creature vanquished.

Grand Total: 286 creatures vanquished

Notes
Turn   | Place    | Note
-------+----------+-------------------------------------------
     0 | D:1      | Rennog the Gargoyle Fighter began the quest for the Orb.
     0 | D:1      | Reached XP level 1. HP: 14/14 MP: 1/1
   164 | D:1      | Reached XP level 2. HP: 19/19 MP: 2/2
   314 | D:1      | Reached skill level 3 in Maces & Flails
   324 | D:1      | Reached XP level 3. HP: 23/24 MP: 3/3
   905 | D:2      | Reached XP level 4. HP: 29/29 MP: 4/4
   958 | D:2      | Identified the +0 ring mail "Forget-Me-Not" {rElec rF+
                  | Regen+}
  1162 | D:2      | Reached skill level 4 in Maces & Flails
  1398 | D:3      | Noticed a bullfrog
  1427 | D:3      | Killed a bullfrog
  1428 | D:3      | Reached XP level 5. HP: 27/34 MP: 5/5
  1521 | D:3      | Reached skill level 5 in Maces & Flails
  1600 | D:3      | Reached skill level 5 in Fighting
  1600 | D:3      | Reached XP level 6. HP: 40/40 MP: 6/6
  1780 | D:3      | Found a bloodstained altar of Trog.
  1781 | D:3      | Noticed a wizard
  1787 | D:3      | Killed a wizard
  1886 | D:3      | Noticed Jessica
  1907 | D:3      | Killed Jessica
  1964 | D:4      | Noticed a black bear
  2151 | D:4      | Reached skill level 6 in Maces & Flails
  2155 | D:4      | Reached XP level 7. HP: 41/44 MP: 7/7
  2902 | D:5      | Entered Level 5 of the Dungeon
  2925 | D:5      | Reached skill level 7 in Maces & Flails
  3044 | D:4      | Reached XP level 8. HP: 47/52 MP: 8/8
  3080 | D:5      | Noticed Grinder
  3081 | D:5      | Paralysed by Grinder for 4 turns
  3099 | D:5      | Killed Grinder
  3111 | D:5      | Found a stormy altar of Qazlal.
  3205 | D:5      | Reached skill level 8 in Maces & Flails
  3236 | D:5      | Noticed Pikel
  3238 | D:5      | Noticed Dowan
  3284 | D:5      | Killed Pikel
  3285 | D:5      | Reached skill level 5 in Shields
  3285 | D:5      | Reached XP level 9. HP: 43/57 MP: 9/9
  3331 | D:5      | Reached skill level 9 in Maces & Flails
  3405 | D:5      | Noticed Duvessa
  3429 | D:5      | Killed Duvessa
  3456 | D:5      | Killed Dowan
  4060 | D:6      | Reached skill level 10 in Maces & Flails
  4353 | D:5      | Killed an unseen horror
  4354 | D:5      | Reached XP level 10. HP: 61/65 MP: 10/10
  4642 | D:6      | Found a staircase to the Ecumenical Temple.
  4654 | Temple   | Entered the Ecumenical Temple
  4700 | Temple   | Became a worshipper of Warmaster Okawaru
  5047 | D:7      | Reached skill level 11 in Maces & Flails
  5231 | D:7      | Reached skill level 1 in Dodging
  5467 | D:7      | Found an ornate altar of the Wu Jian Council.
  5800 | D:8      | Found a sacrificial altar of Ru.
  6040 | D:8      | Reached * piety under Okawaru
  6081 | D:8      | Found a glowing silver altar of Zin.
  6704 | D:9      | Reached skill level 12 in Maces & Flails
  6775 | D:9      | Reached ** piety under Okawaru
  6791 | D:9      | Reached skill level 10 in Fighting
  6855 | D:8      | Reached XP level 11. HP: 65/72 MP: 11/11
  7155 | D:8      | Reached *** piety under Okawaru
  7309 | D:9      | Found a hazy altar of Hepliaklqana.
  7309 | D:9      | Found a white marble altar of Elyvilon.
  7321 | D:10     | Entered Level 10 of the Dungeon
  7473 | D:10     | Found a shimmering blue altar of Sif Muna.
  7636 | D:10     | Reached skill level 13 in Maces & Flails
  7673 | D:10     | Noticed a skeletal warrior
  7734 | D:10     | Slain by a skeletal warrior

Illustrated notes

Levels and vault maps discovered:
D:1:      beargit_arrival_diablo_church, layout_basic
D:2:      layout_rooms
D:3:      layout_rooms, trog_wizard, st_stairs_9, kennysheep_jessica_study
D:4:      layout_cave_pools, portal_sewer_entry_e
D:5:      minmay_chambers_of_threes, layout_basic, mainiacjoe_overflow_brackets,
          uniq_pikel, uniq_duvessa, uniq_grinder
D:6:      layout_cave_pools, minmay_temple_entry_nine_rooms, minmay_circle_x
D:7:      layout_basic, pdpol_wu_jian_five_deadly_venoms
D:8:      layout_loops_cross, nicolae_ru_great_annihilating_truth,
          lemuel_round_altar
D:9:      layout_cave_pools, gammafunk_temple_overflow_elements
D:10:     layout_basic, mainiacjoe_overflow_24_doors,
          nicolae_ashenzari_skybound, minmay_guarded_unrand_finisher
Temple:   cyrus_circular_temple

Skill      XL: |  1  2  3  4  5  6  7  8  9 10 11 |
---------------+----------------------------------+-----
Maces & Flails | 3 4 5 6 7 8 10 12 13 | 13.1
Fighting       | 4 5 6 7 8 10 | 10.6
Shields        | 5 6 7 |  7.0
Dodging        | 3 |  3.7
Armour         | |  3.3

Action                     |  1- 3 |  4- 6 |  7- 9 | 10-12 || total
---------------------------+-------+-------+-------+-------++-------
  Melee: Flail             |   114 |   180 |   457 |   642 ||  1393
 Invoke: Heroism           |       |       |       |     2 ||     2
    Use: Scroll            |       |       |       |     4 ||     4
   Stab: Distracted        |       |     1 |       |       ||     1
         Paralysed         |       |       |       |     3 ||     3
 Armour: Scale mail        |    87 |   149 |   444 |   491 ||  1171
  Dodge: Dodged            |    41 |    84 |   158 |   231 ||   514
  Block: Buckler           |    26 |    37 |    26 |       ||    89
         Kite shield       |       |       |   225 |   421 ||   646

Table legend: (Time is in decaauts)
 A = Elapsed time spent in this place.
 B = Non-inter-level travel time spent in this place.
 C = Inter-level travel time spent in this place.
 D = Time resting spent in this place.
 E = Time spent auto-exploring this place.
 F = Levels seen in this place.
 G = Mean time per level.
                   A        B        C        D        E       F      G
               +--------+--------+--------+--------+--------+-----+--------+
         Total |   7791 |   6951 |    840 |     73 |   4155 |  11 |  708.3 |
       Dungeon |   7731 |   6939 |    792 |     73 |   4155 |  10 |  773.1 |
        Temple |     59 |     11 |     48 |      0 |      0 |   1 |   59.0 |
               +--------+--------+--------+--------+--------+-----+--------+

Top non-repeatable levels by time:
     D:5: 1056 daAuts
     D:4: 966 daAuts
     D:1: 896 daAuts
     D:8: 891 daAuts
     D:6: 806 daAuts
     D:7: 776 daAuts
     D:9: 732 daAuts
     D:3: 727 daAuts
     D:2: 476 daAuts
    D:10: 401 daAuts
  Temple: 59 daAuts
